Map: Disco Bloodbath LE

Players

Jagours

  • Race: Terran Terran
  • League: Master
  • Spawn Location: 3:00

Mez - Winner!

  • Race: Terran Terran
  • League: Master
  • Spawn Location: 9:00

VOD

Have the link to the VOD?

Description

Time

  • Played on: Sept. 6, 2019, 4:51 a.m.
  • Length: 14:16
Show
View Real Time Build Order
Export as new Build Order

Jagours Terran 

Build Orders:  

Get SALT Encoding   

  12  0:00  SCV  
  13  0:13  SCV  
  14  0:20  Supply Depot  
  14  0:25  SCV  
  15  0:31  Refinery  
  15  0:42  SCV  
  16  0:46  Barracks  
  16  0:54  SCV  
  17  1:06  SCV  
  18  1:18  SCV  
  19  1:31  SCV  
  20  1:35  Reaper  
  20  1:37  Command Center  
  21  1:44  Orbital Command  
  21  1:49  Refinery  
  21  2:11  SCV  
  21  2:14  Reaper  
  23  2:16  Supply Depot  
  23  2:36  Factory  
  22  2:53  Barracks Tech Lab  
  22  2:55  SCV  
  23  3:04  Orbital Command  
  23  3:09  SCV  
  24  3:12  Marine  
  24  3:13  Stimpack  
  25  3:21  SCV  
  25  3:22  Starport  
  25  3:26  Factory Tech Lab  
  26  3:30  Marine  
  26  3:33  SCV  
  28  3:38  SCV  
  28  3:44  Siege Tank  
  28  3:45  SCV  
  32  3:48  Supply Depot  
  32  3:49  Engineering Bay  
  32  3:50  Marine, SCV  
  34  3:57  SCV  
  34  4:00  Viking  
  37  4:03  SCV  
  37  4:07  Marine  
  37  4:09  SCV  
  40  4:11  Supply Depot  
  40  4:16  Siege Tank  
  43  4:21  SCV  
  44  4:28  Marine  
  44  4:29  SCV  
  44  4:31  Starport Reactor, Terran Infantry Weapons Level 1  
  46  4:33  SCV  
  36  4:48  Marine  
  29  5:09  SCV  
  29  5:10  Viking x2  
  29  5:12  Marine  
  29  5:13  Combat Shield  
  35  5:20  SCV, Supply Depot  
  36  5:21  SCV  
  36  5:32  SCV  
  36  5:33  SCV  
  38  5:39  Marine  
  39  5:44  SCV  
  39  5:45  SCV  
  41  5:52  Siege Tank  
  41  5:57  Marine, SCV  
  45  5:58  SCV  
  45  6:02  Refinery x2  
  47  6:08  Command Center  
  47  6:09  SCV  
  47  6:10  SCV  
  49  6:15  Marine  
  50  6:21  SCV  
  50  6:22  SCV  
  52  6:30  Siege Tank  
  55  6:33  Marine, SCV  
  55  6:34  SCV  
  55  6:38  Viking x2  
  62  6:46  SCV  
  62  6:47  SCV  
  61  6:52  Supply Depot  
  61  6:54  Supply Depot  
  61  6:56  Missile Turret  
  61  6:57  Terran Infantry Armor Level 1  
  61  6:58  SCV  
  61  6:59  SCV  
  60  7:10  SCV  
  60  7:11  SCV  
  60  7:13  Marine  
  60  7:15  Missile Turret  
  63  7:22  SCV  
  64  7:23  SCV  
  64  7:28  Sensor Tower  
  68  7:30  Siege Tank  
  68  7:31  Marine  
  68  7:34  SCV  
  68  7:35  SCV  
  71  7:38  Viking  
  71  7:41  Viking  
  75  7:46  Orbital Command  
  75  7:47  SCV x2  
  77  7:59  Marine  
  77  8:02  Siege Tank  
  81  8:15  Viking x2  
  81  8:16  Marine  
  82  8:29  Barracks  
  82  8:30  Barracks  
  82  8:31  Factory  
  82  8:32  Barracks x2  
  82  8:34  Marine, Barracks  
  82  8:36  Armory  
  82  8:37  Engineering Bay  
  83  8:42  Siege Tank  
  83  8:43  SCV x3  
  89  8:55  SCV x3  
  92  8:59  Missile Turret  
  92  9:06  Marine  
  92  9:07  SCV x2, Missile Turret  
  95  9:12  SCV  
  96  9:18  Refinery  
  96  9:19  SCV x2, Refinery  
  96  9:21  Barracks Reactor x5  
  96  9:23  Factory Tech Lab  
  96  9:24  Terran Infantry Weapons Level 2  
  98  9:26  SCV  
  99  9:31  Marine, SCV  
  101  9:39  Terran Infantry Armor Level 2  
  101  9:43  SCV x2  
  101  9:44  SCV  
  104  9:49  Marine  
  102  9:55  SCV  
  85  10:07  Marine  
  85  10:11  Marine  
  71  10:14  Orbital Command  
  53  10:24  Marine, Siege Tank x2  
  53  10:25  Marine x9  
  69  10:29  Marine  
  69  10:33  SCV x2  
  72  10:41  SCV  
  73  10:45  Marine x2, SCV x2, Missile Turret  
  73  10:46  Marine x3  
  80  10:53  SCV  
  81  10:57  SCV  
  81  10:58  SCV  
  81  11:00  Siege Tank  
  86  11:05  Siege Tank, SCV  
  86  11:09  Marine x2, SCV  
  86  11:10  SCV  
  94  11:15  Marine x3  
  94  11:16  Marine  
  94  11:18  Marine x4  
  100  11:24  SCV  
  103  11:32  Siege Tank  
  85  11:43  Marine  
  77  11:52  Marine x10  
  77  11:53  Siege Tank  
  90  11:54  Medivac  
  90  11:56  SCV x2  
  90  11:58  SCV  
  95  12:01  Marine  
  95  12:04  Siege Tank  
  95  12:06  Medivac  
  101  12:08  SCV x2  
  101  12:09  Marine  
  101  12:10  Marine, SCV  
  106  12:20  SCV x2  
  106  12:22  SCV  
  109  12:33  Command Center  
  109  12:37  SCV  
  109  12:51  Marine x4  
  109  12:52  Marine x2, SCV  
  109  12:53  Siege Tank, Marauder  
  109  12:56  Marine x3  
  99  13:03  Marine  
  100  13:06  Medivac x2  
  100  13:09  Marine x5  
  109  13:25  Marine  
  109  13:26  Marauder  
  108  13:31  Marine  
  108  13:32  Marine x3  
  108  13:33  Marine x3  
  86  13:35  Marine x2  
  86  13:36  Siege Tank x2  
  86  13:39  SCV x2  
  86  13:41  SCV  
  87  13:43  Marine  
  87  13:48  Marauder  
  90  13:49  Marine  
  90  13:53  Marine  
  90  13:54  Marine  
  93  13:55  Marine  
  93  13:58  SCV  
Show
View Real Time Build Order
Export as new Build Order

Mez Terran - Winner!

Build Orders: Gas First Reaper Expand, Liberator Opening 

Get SALT Encoding   

  12  0:00  SCV  
  13  0:13  SCV  
  14  0:17  Supply Depot  
  14  0:25  SCV  
  15  0:30  Refinery  
  15  0:39  SCV  
  16  0:46  Barracks  
  16  0:51  SCV  
  17  1:03  SCV  
  18  1:15  SCV  
  19  1:34  Orbital Command, Reaper  
  20  1:46  Command Center  
  20  2:00  SCV, Factory  
  21  2:08  Barracks Reactor  
  21  2:12  SCV  
  22  2:16  Supply Depot  
  22  2:20  Refinery  
  23  2:30  SCV  
  23  2:42  SCV  
  23  2:52  Starport  
  23  2:56  Barracks Tech Lab  
  23  2:57  Hellion x2  
  27  3:00  Orbital Command  
  26  3:15  Marauder  
  26  3:18  Hellion x2  
  32  3:29  Medivac  
  32  3:31  Concussive Shells  
  34  3:39  Hellion  
  36  3:41  Marauder  
  36  3:42  Hellion  
  36  3:43  Liberator  
  40  3:49  SCV x2  
  40  3:54  Supply Depot  
  42  4:01  SCV  
  46  4:15  SCV x2  
  48  4:20  Cyclone, Supply Depot  
  51  4:25  Marine  
  51  4:26  Marine  
  51  4:27  SCV  
  54  4:37  SCV  
  53  4:46  Starport Tech Lab  
  53  4:48  SCV  
  53  4:49  SCV  
  49  5:00  SCV  
  49  5:01  SCV  
  45  5:10  Cyclone  
  45  5:12  SCV  
  45  5:13  SCV  
  46  5:14  Refinery  
  46  5:19  Command Center, Raven  
  46  5:20  Barracks  
  46  5:21  Barracks  
  48  5:24  SCV  
  48  5:25  SCV  
  48  5:26  Marine  
  51  5:34  Supply Depot  
  51  5:37  SCV x2  
  53  5:45  Siege Tank  
  56  5:52  SCV x2  
  58  5:59  Supply Depot  
  58  6:02  Refinery  
  58  6:04  SCV  
  58  6:05  SCV  
  58  6:06  Engineering Bay x2  
  58  6:08  Barracks Reactor x2  
  58  6:10  Stimpack  
  60  6:17  SCV  
  60  6:18  SCV  
  62  6:22  Marine, Siege Tank  
  66  6:27  Supply Depot  
  66  6:31  Orbital Command  
  66  6:34  Starport Reactor, Barracks x2  
  66  6:35  SCV x2  
  68  6:40  Marine  
  66  6:51  SCV x2  
  66  6:54  Supply Depot  
  68  6:55  Marine x4, Terran Infantry Armor Level 1, Terran Infantry Weapons Level 1  
  72  7:06  Supply Depot  
  72  7:07  Supply Depot  
  72  7:10  Siege Tank, Orbital Command  
  72  7:17  Marine x4  
  72  7:18  Marine  
  72  7:21  Marine, Supply Depot  
  72  7:22  Marine, Barracks Reactor  
  79  7:29  Medivac x2  
  80  7:32  SCV x2  
  80  7:35  Marine x3  
  80  7:36  SCV  
  86  7:39  Marine  
  86  7:40  Supply Depot  
  87  7:44  SCV  
  87  7:45  SCV  
  87  7:46  Marine  
  87  7:47  Marine x2  
  87  7:48  SCV  
  93  7:53  Marine x2  
  93  7:55  Siege Tank  
  93  7:57  SCV x2  
  98  8:06  Medivac x2  
  98  8:07  Marine x5  
  107  8:16  SCV x3  
  107  8:25  Marine  
  107  8:26  Marine x5  
  111  8:28  SCV x2  
  111  8:29  Refinery x2  
  111  8:32  Marine, Armory  
  114  8:49  Marine  
  114  8:50  Marine x6  
  114  8:53  SCV x2  
  114  8:55  SCV  
  124  8:58  Marine, Command Center  
  124  8:59  Marine, Supply Depot x2  
  126  9:05  SCV  
  127  9:10  Marine x7  
  127  9:12  Siege Tank  
  137  9:20  Factory  
  137  9:26  Marine  
  137  9:27  Marine  
  137  9:30  Medivac x2  
  137  9:31  SCV x3  
  146  9:44  Siege Tank  
  149  9:47  Marine x2  
  151  9:58  Marine x2  
  144  10:06  Marine x2  
  144  10:07  Marine x5  
  127  10:16  Marine, Siege Tank  
  127  10:20  Marine  
  120  10:23  Factory Tech Lab  
  120  10:24  Marine, Medivac x2  
  122  10:30  Marine x6, Command Center  
  122  10:34  Barracks  
  122  10:35  Barracks x2  
  128  10:37  Terran Infantry Armor Level 2, Supply Depot, Terran Infantry Weapons Level 2  
  128  10:48  Siege Tank  
  131  10:50  Terran Vehicle Weapons Level 1  
  131  10:53  Missile Turret  
  131  10:54  Missile Turret  
  131  10:56  Missile Turret  
  131  10:59  Missile Turret, Planetary Fortress  
  131  11:02  Refinery  
  131  11:05  Refinery, Sensor Tower  
  131  11:10  Marine  
  131  11:11  Marine x4  
  136  11:17  Siege Tank  
  139  11:22  Marine x4  
  119  11:33  Marine  
  117  11:42  Marine x3  
  117  11:43  Barracks Reactor x2, Barracks Tech Lab  
  117  11:44  Marine x2  
  117  11:45  Marine x3  
  118  11:51  Marine  
  118  11:53  SCV x2  
  117  11:55  Siege Tank  
  117  11:57  Siege Tank  
  117  11:59  Marine  
  117  12:00  Marine x2  
  126  12:04  Medivac x2  
  130  12:10  Starport  
  130  12:11  Starport  
  130  12:19  Fusion Core  
  130  12:22  Marine x11  
  135  12:26  Combat Shield  
  141  12:41  Marine x14  
  141  12:42  Siege Tank  
  147  12:58  Marine, Siege Tank  
  147  12:59  Marine x4  
  147  13:02  Starport Reactor, Viking, Starport Tech Lab  
  147  13:03  Viking  
  159  13:11  Marine x4  
  154  13:14  Siege Tank  
  153  13:24  Marine  
  153  13:31  Marine x4  
  126  13:34  Marine  
  126  13:35  Marine x8  
  126  13:36  Siege Tank  
  126  13:38  Planetary Fortress  
  141  13:53  Marine  
  141  13:54  Marine  
  143  14:02  Refinery  
  143  14:03  Sensor Tower, Refinery  
Tags
 
Add a new tag
Caveats
  • Supply blocks, unpowered buildings, or Contaminate may cause inaccurate times.
  • Supply counts are checked every 10 seconds.